 Dungeon Crawl Stone Soup version 0.24.0 (webtiles) character file.

Game seed: 7206369681946127152, levelgen mode: deterministic

1 Buxparty the Changer (level 1, 5/17 HPs)
             Began as a Gnoll Wanderer on Feb 9, 2020.
             Quit the game on level 1 of the Dungeon.
             The game lasted 00:00:55 (73 turns).

Buxparty the Changer (Gnoll Wanderer)                 Turns: 73, Time: 00:00:56

Health: 5/17       AC:  3    Str: 16    XL:     1   Next: 20%
Magic:  4/4        EV: 12    Int: 14    God:
Gold:   0          SH:  0    Dex: 12    Spells: 4/5 levels left

rFire    . . .     SeeInvis .   a - +0 club
rCold    . . .     Gourm    .   (no shield)
rNeg     . . .     Faith    .   e - +0 leather armour
rPois    .         Spirit   .   (no helmet)
rElec    .         Reflect  .   (no cloak)
rCorr    .         Harm     .   (no gloves)
MR       .....                  (no boots)
Stlth    ++........             (no amulet)
HPRegen  0.05/turn              (no ring)
MPRegen  0.09/turn              (no ring)

@: no status effects
A: distributed training, fangs 1, strong nose
a: no special abilities


You were on level 1 of the Dungeon.
You were not hungry.

You visited 1 branch of the dungeon, and saw 1 of its levels.

Inventory:

Hand Weapons
 a - a +0 club (weapon)
Missiles
 b - 4 throwing nets (quivered)
Armour
 e - a +0 leather armour (worn)
Comestibles
 f - a ration


   Skills:
 + Level 2.3 Fighting
 + Level 0.0 Short Blades
 + Level 0.0 Long Blades
 + Level 0.0 Axes
 + Level 0.0 Maces & Flails
 + Level 0.0 Polearms
 + Level 0.0 Staves
 + Level 0.0 Slings
 + Level 0.0 Bows
 + Level 0.0 Crossbows
 + Level 2.3 Throwing
 + Level 0.0 Armour
 + Level 2.3 Dodging
 + Level 2.1 Stealth
 + Level 2.3 Shields
 + Level 0.0 Unarmed Combat
 + Level 2.6 Spellcasting
 + Level 0.0 Conjurations
 + Level 0.0 Hexes
 + Level 1.9 Charms
 + Level 0.0 Summonings
 + Level 0.0 Necromancy
 + Level 0.0 Translocations
 + Level 5.3 Transmutations
 + Level 0.0 Fire Magic
 + Level 0.0 Ice Magic
 + Level 0.0 Air Magic
 + Level 0.0 Earth Magic
 + Level 0.0 Poison Magic
 + Level 0.0 Invocations
 + Level 0.0 Evocations


You had 4 spell levels left.
You knew the following spells:

 Your Spells              Type           Power        Failure   Level  Hunger
a - Beastly Appendage     Tmut           ###...       3%          1    #......

Your spell library contained the following spells:

 Spells                   Type           Power        Failure   Level  Hunger
 Spider Form              Tmut/Pois      #.........   28%         3    ###....
 Ensorcelled Hibernation  Hex/Ice        #.....       38%         2    ###....
 Throw Frost              Conj/Ice       #.....       38%         2    ###....


Dungeon Overview and Level Annotations

Branches:
Dungeon (1/15)

Altars:


Innate Abilities, Weirdness & Mutations

Your experience applies equally to all skills.
You have very sharp teeth.
Your uncanny sense of smell can sniff out nearby items.


Message History

You are too injured to fight recklessly!
You are too injured to fight recklessly!
You are too injured to fight recklessly!
You are too injured to fight recklessly!
You are too injured to fight recklessly!
You are too injured to fight recklessly!
You are too injured to fight recklessly!
You closely miss the hobgoblin. Your bite misses the hobgoblin.
The hobgoblin is almost dead.
The hobgoblin barely misses you. The hobgoblin misses you.
You hit the hobgoblin but do no damage.
The hobgoblin is almost dead.
The hobgoblin hits you but does no damage.
You hit the hobgoblin.
You kill the hobgoblin!
Found an escape hatch in the floor.
You see here 20 stones.
Quiver which item? (- for none, * to show all) (? for menu, Esc to quit)
Okay, then.
Are you sure you want to abandon this character and quit the game? (Confirm with "yes".)

#. #. #.# ##.##
# ##...##
#.###.....##
....#.....###.##
#.....@.....>.
#.......##...#
##.....## .
##...## ####.##
#(...# #.####
##.########
#..........


There were no monsters in sight!

Vanquished Creatures
  A hobgoblin (D:1)
1 creature vanquished.

Notes
Turn   | Place    | Note
-------+----------+-------------------------------------------
     0 | D:1      | Buxparty the Gnoll Wanderer began the quest for the Orb.
     0 | D:1      | Buxparty set off with the following items: a +0 club, 4
                  | throwing nets, a +0 leather armour, a ration; and the
                  | following spell memorised: Beastly Appendage; and the
                  | following spells available to memorise: Spider Form,
                  | Ensorcelled Hibernation, Throw Frost
     0 | D:1      | Reached XP level 1. HP: 17/17 MP: 4/4
    73 | D:1      | Quit the game

Levels and vault maps discovered:
D:1:      minmay_arrival_wavy_path, layout_loops_ring, st_stairs_5,
          nrook_mini_vaults
